SAAA
SCRANTON SUPERNOVAS @ ROYSE CITY TARGARYENS
08/17/2031
 
TOP OF THE 1ST
Scranton Supernovas batting - Pitching for Royse City Targaryens : LHP Doug Freeth
Pitching: LHP Doug Freeth
Batting: RHB Jesús Guzmán 0-0: Ball
1-0: Foul Ball, location: 2F
1-1: Foul Ball, location: 2F
1-2: Ball
2-2: Foul Ball, location: 2F
2-2: Foul Ball, location: 2F
2-2: Hit by Pitch
Batting: LHB Juan Montés 0-0: Called Strike
0-1: Fly out, F8 (Flyball, 8LM)
Batting: RHB Eddie Sachs 0-0: Grounds into double play, 5-4-3 (Groundball, 5L)
Top of the 1st over - 0 runs, 0 hits, 0 errors, 0 left on base; Scranton 0 - Royse City 0
BOTTOM OF THE 1ST
Royse City Targaryens batting - Pitching for Scranton Supernovas : RHP NaNomi Lojore
Pitching: RHP NaNomi Lojore
Batting: LHB Gary Malone 0-0: Called Strike
0-1: Ball
1-1: SINGLE (Line Drive, 4D)
Batting: LHB Ashley Thachi 0-0: Grounds into double play, 6-4-3 (Groundball, 6)
Batting: RHB Alden Wiley 0-0: Swinging Strike
0-1: Ball
1-1: Ball
2-1: Swinging Strike
2-2: Ball
3-2: Foul Ball, location: 2F
3-2: Strikes out swinging
Bottom of the 1st over - 0 runs, 1 hit, 0 errors, 0 left on base; Scranton 0 - Royse City 0
TOP OF THE 2ND
Scranton Supernovas batting - Pitching for Royse City Targaryens : LHP Doug Freeth
Batting: RHB Senior Pond 0-0: Called Strike
0-1: Foul Ball, location: 2F
0-2: Foul Ball, location: 2F
0-2: Ball
1-2: SOLO HOME RUN (Flyball, 7D), Distance : 371 ft
Batting: LHB Tony Vega 0-0: Ball
1-0: Ball
2-0: Called Strike
2-1: Foul Ball, location: 2F
2-2: Foul Ball, location: 2F
2-2: Foul Ball, location: 2F
2-2: Ball
3-2: Fly out, F9 (Flyball, 9S)
Batting: SHB Alonso Solís 0-0: SINGLE (Groundball, 25) (infield hit)
Batting: LHB Chase Popoff 0-0: Foul Ball, location: 2F
0-1: Ball
1-1: SINGLE (Line Drive, 89M)
Alonso Solís to second
Batting: LHB Chris Fries 0-0: Ball
1-0: Ball
2-0: Called Strike
2-1: Grounds into double play, 4-6-3 (Groundball, 4)
Top of the 2nd over - 1 run, 3 hits, 0 errors, 1 left on base; Scranton 1 - Royse City 0
BOTTOM OF THE 2ND
Royse City Targaryens batting - Pitching for Scranton Supernovas : RHP NaNomi Lojore
Batting: SHB Miguel Herrera 0-0: Called Strike
0-1: Ball
1-1: Called Strike
1-2: Fly out, F6 (Popup, 6)
Batting: LHB Colin Worthington 0-0: Swinging Strike
0-1: Ball
1-1: Ball
2-1: Foul Ball, location: 2F
2-2: Strikes out looking
Batting: LHB Carroll Martin 0-0: Ball
1-0: Ball
2-0: Called Strike
2-1: Ball
3-1: Base on Balls
Batting: SHB Barney Heise 0-0: Ball
Carroll Martin is caught stealing 2nd base
Bottom of the 2nd over - 0 runs, 0 hits, 0 errors, 0 left on base; Scranton 1 - Royse City 0
TOP OF THE 3RD
Scranton Supernovas batting - Pitching for Royse City Targaryens : LHP Doug Freeth
Batting: LHB José Cordero 0-0: Called Strike
0-1: Called Strike
0-2: Ball
1-2: Strikes out swinging
Batting: RHB Jesús Guzmán 0-0: Ball
1-0: Called Strike
1-1: Reached on error, E6 (Popup, 6M)
Batting: LHB Juan Montés 0-0: Ball
Jesús Guzmán steals 2nd base
1-0: Ball
2-0: Ball
3-0: Base on Balls
Batting: RHB Eddie Sachs 0-0: Ball
Jesús Guzmán steals 3rd base
Juan Montés to second
1-0: Foul Ball, location: 2F
1-1: Swinging Strike
1-2: Fly out, F7 (Flyball, 7S)
Runner from 3rd tags up, SCORES, throw made
Batting: RHB Senior Pond 0-0: Ball
1-0: Ball
2-0: Ball
3-0: Called Strike
3-1: DOUBLE (Line Drive, 7LM)
Juan Montés scores
Batting: LHB Tony Vega 0-0: Foul Ball, location: 2F
0-1: Called Strike
0-2: Ball
1-2: Ball
2-2: SINGLE (Line Drive, 8RS)
Senior Pond to third
Runner from 3rd tries for Home, SAFE, no throw
Batting: SHB Alonso Solís 0-0: Called Strike
Tony Vega steals 2nd base
0-1: SINGLE (Groundball, 4MD)
Tony Vega to third
Runner from 3rd tries for Home, SAFE, throw made home
Batting: LHB Chase Popoff 0-0: Ball
1-0: Called Strike
1-1: Ball
2-1: Ball
3-1: Swinging Strike
3-2: Fly out, F8 (Flyball, 8RM)
Top of the 3rd over - 4 runs, 3 hits, 1 error, 1 left on base; Scranton 5 - Royse City 0
BOTTOM OF THE 3RD
Royse City Targaryens batting - Pitching for Scranton Supernovas : RHP NaNomi Lojore
Batting: SHB Barney Heise 0-0: Called Strike
0-1: Ball
1-1: Swinging Strike
1-2: Ball
2-2: Fly out, F6 (Popup, 6S)
Batting: LHB Gonzalo Álvarez 0-0: SOLO HOME RUN (Flyball, 9LD), Distance : 344 ft
Batting: RHB Manuel Ramos 0-0: Ball
1-0: Ball
2-0: Called Strike
2-1: Ball
3-1: Ground out 5-3 (Groundball, 5)
Batting: LHB Gary Malone 0-0: Foul Ball, location: 2F
0-1: Ball
1-1: Ball
2-1: Called Strike
2-2: Ball
3-2: Foul Ball, location: 2F
3-2: Foul Ball, location: 2F
3-2: Strikes out swinging
Bottom of the 3rd over - 1 run, 1 hit, 0 errors, 0 left on base; Scranton 5 - Royse City 1
TOP OF THE 4TH
Scranton Supernovas batting - Pitching for Royse City Targaryens : LHP Doug Freeth
Batting: LHB Chris Fries 0-0: Called Strike
0-1: Hit by Pitch
Batting: LHB José Cordero 0-0: Ball
1-0: Called Strike
1-1: Fly out, F8 (Flyball, 8LS)
Batting: RHB Jesús Guzmán 0-0: Called Strike
0-1: Called Strike
0-2: Ball
1-2: Foul Ball, location: 2F
1-2: Strikes out swinging
Batting: LHB Juan Montés 0-0: Ball
1-0: Ground out 3-1 (Groundball, 34)
Top of the 4th over - 0 runs, 0 hits, 0 errors, 1 left on base; Scranton 5 - Royse City 1
BOTTOM OF THE 4TH
Royse City Targaryens batting - Pitching for Scranton Supernovas : RHP NaNomi Lojore
Batting: LHB Ashley Thachi 0-0: Ball
1-0: SINGLE (Groundball, 6D)
Batting: RHB Alden Wiley 0-0: Called Strike
0-1: Ball
1-1: Called Strike
1-2: 2-RUN HOME RUN (Flyball, 7LD), Distance : 359 ft
Batting: SHB Miguel Herrera 0-0: Ball
1-0: Foul Ball, location: 2F
1-1: Called Strike
1-2: Foul Ball, location: 2F
1-2: Ball
2-2: Ball
3-2: SINGLE (Line Drive, 6D)
Batting: LHB Colin Worthington 0-0: SINGLE (Groundball, 6MD)
Miguel Herrera to second
Batting: LHB Carroll Martin 0-0: Ball
1-0: Ball
2-0: Foul Ball, location: 2F
2-1: Swinging Strike
2-2: Strikes out swinging
Batting: SHB Barney Heise 0-0: Ball
1-0: Called Strike
1-1: Fielders Choice at 2nd, 4-6 (Groundball, 4M)
Miguel Herrera to third
Batting: LHB Gonzalo Álvarez 0-0: Ball
1-0: Called Strike
1-1: Ball
2-1: Ball
3-1: Foul Ball, location: 2F
3-2: Strikes out swinging
Bottom of the 4th over - 2 runs, 4 hits, 0 errors, 2 left on base; Scranton 5 - Royse City 3
TOP OF THE 5TH
Scranton Supernovas batting - Pitching for Royse City Targaryens : LHP Doug Freeth
Batting: RHB Eddie Sachs 0-0: Ball
1-0: Ball
2-0: Called Strike
2-1: Foul Ball, location: 2F
2-2: Ground out 6-3 (Groundball, 6)
Batting: RHB Senior Pond 0-0: Ball
1-0: Ball
2-0: Ground out 5-3 (Groundball, 56S)
Batting: LHB Tony Vega 0-0: Called Strike
0-1: Ball
1-1: Foul Ball, location: 2F
1-2: Ball
2-2: Ball
3-2: Ground out 4-3 (Groundball, 34D)
Top of the 5th over - 0 runs, 0 hits, 0 errors, 0 left on base; Scranton 5 - Royse City 3
BOTTOM OF THE 5TH
Royse City Targaryens batting - Pitching for Scranton Supernovas : RHP NaNomi Lojore
Batting: RHB Manuel Ramos 0-0: Fly out, F4 (Popup, 4M)
Batting: LHB Gary Malone 0-0: Called Strike
0-1: Foul Ball, location: 2F
0-2: Ground out U3 (Groundball, 3L)
Batting: LHB Ashley Thachi 0-0: SINGLE (Line Drive, 78S)
Batting: RHB Alden Wiley 0-0: Foul Ball, location: 2F
0-1: Ball
1-1: Fly out, F8 (Flyball, 8RXD)
Bottom of the 5th over - 0 runs, 1 hit, 0 errors, 1 left on base; Scranton 5 - Royse City 3
TOP OF THE 6TH
Scranton Supernovas batting - Pitching for Royse City Targaryens : LHP Doug Freeth
Batting: SHB Alonso Solís 0-0: Called Strike
0-1: Swinging Strike
0-2: DOUBLE (Flyball, 89D)
Batting: LHB Chase Popoff 0-0: Swinging Strike
0-1: Foul Ball, location: 2F
0-2: Ball
1-2: Ball
2-2: Foul Ball, location: 2F
2-2: Strikes out swinging
Batting: LHB Chris Fries 0-0: Swinging Strike
0-1: Foul Ball, location: 2F
0-2: Foul Ball, location: 2F
0-2: Strikes out looking
Batting: LHB José Cordero 0-0: Ball
1-0: Ball
2-0: Ball
3-0: Called Strike
3-1: Called Strike
3-2: SINGLE (Line Drive, 8LS)
Alonso Solís to third
Alonso Solís scores
Pitching: RHP Javier Mena
Batting: RHB Jesús Guzmán 0-0: Ball
1-0: Ball
2-0: Fly out, F7 (Flyball, 78S)
Top of the 6th over - 1 run, 2 hits, 0 errors, 1 left on base; Scranton 6 - Royse City 3
BOTTOM OF THE 6TH
Royse City Targaryens batting - Pitching for Scranton Supernovas : RHP NaNomi Lojore
Batting: SHB Miguel Herrera 0-0: Swinging Strike
0-1: Foul Ball, location: 2F
0-2: Strikes out looking
Batting: LHB Colin Worthington 0-0: Ground out 1-3 (Groundball, P)
Batting: LHB Carroll Martin 0-0: Ball
1-0: Ball
2-0: Called Strike
2-1: Swinging Strike
2-2: Ball
3-2: Base on Balls
Batting: SHB Barney Heise 0-0: Foul Ball, location: 2F
0-1: Ball
1-1: Ball
2-1: Foul Ball, location: 2F
2-2: Ball
3-2: Ground out 5-3 (Groundball, 5L)
Bottom of the 6th over - 0 runs, 0 hits, 0 errors, 1 left on base; Scranton 6 - Royse City 3
TOP OF THE 7TH
Scranton Supernovas batting - Pitching for Royse City Targaryens : RHP Javier Mena
Batting: LHB Juan Montés 0-0: Ball
1-0: Foul Ball, location: 2F
1-1: Ground out 1-3 (Groundball, 13S)
Batting: RHB Eddie Sachs 0-0: Called Strike
0-1: Fly out, F3 (Popup, 34)
Batting: RHB Senior Pond 0-0: Ball
1-0: Ball
2-0: Ball
3-0: Base on Balls
Batting: LHB Tony Vega 0-0: Called Strike
0-1: Ball
1-1: DOUBLE (Line Drive, 89D)
Senior Pond to third
Batting: SHB Alonso Solís 0-0: Ball
1-0: Ball
2-0: Ball
3-0: Called Strike
3-1: Base on Balls
Batting: LHB Chase Popoff 0-0: Called Strike
Error on foul ball, E3
0-2: SINGLE (Groundball, 4MD)
Senior Pond scores
Tony Vega to third
Alonso Solís to second
Runner from 3rd tries for Home, SAFE, no throw
Batting: LHB Chris Fries 0-0: Swinging Strike
0-1: Called Strike
0-2: Strikes out swinging
Top of the 7th over - 2 runs, 2 hits, 1 error, 2 left on base; Scranton 8 - Royse City 3
BOTTOM OF THE 7TH
Royse City Targaryens batting - Pitching for Scranton Supernovas : RHP NaNomi Lojore
Batting: LHB Gonzalo Álvarez 0-0: Ball
1-0: Fly out, F9 (Flyball, 89D)
Batting: RHB Manuel Ramos 0-0: Ball
1-0: Ball
2-0: Ball
3-0: SINGLE (Flyball, 78S)
Batting: LHB Gary Malone 0-0: Ball
1-0: Foul Ball, location: 2F
1-1: Ball
2-1: Called Strike
2-2: Ball
3-2: SINGLE (Groundball, 5D)
Manuel Ramos to second
Batting: LHB Ashley Thachi 0-0: Ball
1-0: Called Strike
1-1: Ball
2-1: Swinging Strike
Passed Ball!
Manuel Ramos to third
Gary Malone to second
2-2: Foul Ball, location: 2F
2-2: Foul Ball, location: 2F
2-2: Strikes out looking
Pitching: LHP Luis Ortíz
Batting: RHB Alden Wiley 0-0: Called Strike
0-1: Foul Ball, location: 2F
0-2: Ball
1-2: Ball
2-2: Foul Ball, location: 2F
2-2: Ball
3-2: Ground out 5-3 (Groundball, 56)
Bottom of the 7th over - 0 runs, 2 hits, 0 errors, 2 left on base; Scranton 8 - Royse City 3
TOP OF THE 8TH
Scranton Supernovas batting - Pitching for Royse City Targaryens : RHP Javier Mena
Batting: LHB José Cordero 0-0: SOLO HOME RUN (Flyball, 9D), Distance : 357 ft
Batting: RHB Jesús Guzmán 0-0: Ball
1-0: Ball
2-0: Swinging Strike
2-1: Swinging Strike
2-2: Strikes out looking
Batting: LHB Juan Montés 0-0: Ball
1-0: Ball
2-0: Called Strike
2-1: Ground out 1-3 (Groundball, 13)
Batting: RHB Eddie Sachs 0-0: Called Strike
0-1: Foul Ball, location: 2F
0-2: Foul Ball, location: 2F
0-2: Ball
1-2: Foul Ball, location: 2F
1-2: Strikes out swinging
Top of the 8th over - 1 run, 1 hit, 0 errors, 0 left on base; Scranton 9 - Royse City 3
BOTTOM OF THE 8TH
Royse City Targaryens batting - Pitching for Scranton Supernovas : LHP Luis Ortíz
Batting: SHB Miguel Herrera 0-0: Called Strike
0-1: Ball
1-1: Ball
2-1: Fly out, F9 (Flyball, 9S)
Batting: LHB Colin Worthington 0-0: Ball
1-0: Foul Ball, location: 2F
1-1: Foul Ball, location: 2F
1-2: Strikes out looking
Batting: LHB Carroll Martin 0-0: Ball
1-0: Ground out U3 (Groundball, 3L)
Bottom of the 8th over - 0 runs, 0 hits, 0 errors, 0 left on base; Scranton 9 - Royse City 3
TOP OF THE 9TH
Scranton Supernovas batting - Pitching for Royse City Targaryens : RHP Javier Mena
Batting: RHB Senior Pond 0-0: Called Strike
0-1: Ball
1-1: Ball
2-1: Swinging Strike
2-2: Ball
3-2: Foul Ball, location: 2F
3-2: Base on Balls
Batting: LHB Tony Vega 0-0: Ball
Senior Pond steals 2nd base
1-0: Ball
2-0: Foul Ball, location: 2F
2-1: Ball
3-1: Foul Ball, location: 2F
3-2: Foul Ball, location: 2F
3-2: Base on Balls
Pitching: LHP Armando Gonzáles
Batting: SHB Alonso Solís 0-0: Ball
1-0: Called Strike
1-1: Ball
2-1: Foul Ball, location: 2F
2-2: Hit by Pitch
Senior Pond to third
Tony Vega to second
Batting: LHB Chase Popoff 0-0: Called Strike
0-1: Swinging Strike
0-2: Ball
1-2: Ball
2-2: Ball
3-2: Foul Ball, location: 2F
3-2: Strikes out swinging
Batting: LHB Chris Fries 0-0: Ball
1-0: Ball
2-0: Called Strike
2-1: Foul Ball, location: 2F
2-2: Ball
3-2: Base on Balls
Senior Pond scores
Tony Vega to third
Alonso Solís to second
Batting: LHB José Cordero 0-0: Called Strike
0-1: Ball
1-1: Ball
2-1: DOUBLE (Line Drive, 8LD)
Tony Vega scores
Alonso Solís scores
Chris Fries to third
Batting: RHB Jesús Guzmán 0-0: Called Strike
0-1: Swinging Strike
0-2: Strikes out swinging
Batting: LHB Juan Montés 0-0: Ball
1-0: Called Strike
1-1: Foul Ball, location: 2F
1-2: Foul Ball, location: 2F
1-2: Foul Ball, location: 2F
1-2: Ball
2-2: Strikes out swinging
Top of the 9th over - 3 runs, 1 hit, 0 errors, 2 left on base; Scranton 12 - Royse City 3
BOTTOM OF THE 9TH
Royse City Targaryens batting - Pitching for Scranton Supernovas : LHP Luis Ortíz
Batting: SHB Barney Heise 0-0: Foul Ball, location: 2F
0-1: Foul Ball, location: 2F
0-2: Strikes out looking
Batting: LHB Gonzalo Álvarez 0-0: Ground out U3 (Groundball, 34)
Batting: RHB Manuel Ramos 0-0: Ball
1-0: Swinging Strike
1-1: Foul Ball, location: 2F
1-2: Ball
2-2: Foul Ball, location: 2F
2-2: Foul Ball, location: 2F
2-2: Ball
3-2: Base on Balls
Batting: LHB Gary Malone 0-0: Called Strike
0-1: Ball
1-1: Ball
2-1: Ball
3-1: Foul Ball, location: 2F
3-2: Foul Ball, location: 2F
3-2: Fly out, F8 (Flyball, 78D)
Bottom of the 9th over - 0 runs, 0 hits, 0 errors, 1 left on base; Scranton 12 - Royse City 3
Tuesday, June 12th, 2018 - OOTP Baseball 18.8 Build 76